 Dungeon Crawl Stone Soup version 0.29.1-12-g30fa7ad0bf (webtiles) character file.

Game seed: 15761634751714569910

58 xian the Grave Robber (level 3, -4/24 HPs)
             Began as a Demonspawn Necromancer on Jan 6, 2023.
             Slain by a black bear (5 damage)
             ... on level 3 of the Dungeon.
             The game lasted 00:04:58 (1385 turns).

xian the Grave Robber (Demonspawn Necromancer)      Turns: 1385, Time: 00:04:58

Health: -4/24      AC:  5    Str:  8    XL:     3   Next: 75%
Magic:  1/6        EV: 12    Int: 18    God:
Gold:   153        SH:  0    Dex: 13    Spells: 3/7 levels left

rFire   . . .      SeeInvis .   e - +0 dagger
rCold   + . .      Faith    .   (no shield)
rNeg    . . .      Spirit   .   a - +0 robe
rPois   .          Reflect  .   (no helmet)
rElec   .          Harm     .   i - +0 cloak {Will+}
rCorr   .          Rampage  .   (no gloves)
Will    +....                   (no boots)
Stlth   ++........              (no amulet)
HPRegen 0.08/turn               j - ring of protection from cold
MPRegen 0.10/turn               (no ring)

@: no status effects
A: slimy green scales 1
a: no special abilities


You were on level 3 of the Dungeon.
You visited 1 branch of the dungeon, and saw 3 of its levels.

You collected 153 gold pieces.

Inventory:

Hand Weapons
 e - a +0 dagger (weapon)
Armour
 a - a +0 robe (worn)
 i - a +0 cloak of willpower (worn)
 m - a +0 ring mail
Jewellery
 j - a ring of protection from cold (left hand)
Scrolls
 d - a scroll of poison {unknown}
 f - a scroll of enchant armour {unknown}
 k - 2 scrolls of identify {unknown}
 n - a scroll of enchant weapon {unknown}
Potions
 b - a potion of magic
 c - 4 potions of curing {unknown}
 g - a potion of brilliance {unknown}
 h - 2 potions of might {unknown}
 l - a potion of degeneration {unknown}


   Skills:
 + Level 0.1 Fighting
 + Level 2.2 Dodging
 + Level 2.2 Stealth
 + Level 2.5 Spellcasting
 + Level 5.1 Necromancy


You had 3 spell levels left.
You knew the following spells:

 Your Spells              Type           Power      Damage    Failure   Level
a - Necrotise             Necr           80%        1d8       1%          1
b - Vampiric Draining     Necr           20%        2d7       6%          3

Your spell library contained the following spells:

 Spells                   Type           Power      Damage    Failure   Level
 Animate Dead             Necr           20%        N/A       21%         4
 Agony                    Necr           20%        N/A       50%         5


Dungeon Overview and Level Annotations

Branches:
Dungeon (3/15)

Altars:


Innate Abilities, Weirdness & Mutations

You are partially covered in slimy green scales. (AC +2)


Message History

Your ball python skeleton is destroyed!
The jackal writhes in agony.
You kill the jackal!
The dead are walking!
The black bear barely resists.
Your jackal skeleton bites the black bear.
The black bear barely resists.
The black bear bites you but does no damage.
The black bear claws you but does no damage.
The black bear claws you.
Unknown command.
Your jackal skeleton bites the black bear.
The black bear bites your jackal skeleton.
The black bear claws your jackal skeleton.
Your jackal skeleton is destroyed!
The black bear growls angrily.
The black bear writhes in agony.
The black bear writhes in agony.
The black bear bites you but does no damage.
The black bear closely misses you. The black bear claws you.
You are too injured to fight recklessly!
You closely miss the black bear.
The black bear is severely wounded.
The black bear closely misses you. The black bear claws you.
The black bear closely misses you.
You hit the black bear.
The black bear is severely wounded.
The black bear goes berserk!
You hit the black bear but do no damage.
The black bear is severely wounded.
The black bear bites you.
The black bear claws you but does no damage.
The black bear claws you.
* * * LOW HITPOINT WARNING * * *
You hit the black bear but do no damage.
The black bear is severely wounded.
The black bear bites you.
* * * LOW HITPOINT WARNING * * *
The black bear claws you.
You die...

###.....# ........#
##### #......# #....
#......# #.... #......#
#.... #......#####
#....
#..........######....
#...@h...............
#....................
#....##..............
.....#.##..............
######.##..............
..##............##
####............# ..
#............# #.#
..........#


You could see a black bear (berserk).

Vanquished Creatures
  2 adders (D:2)
  A worm (D:2)
  4 bats
  2 endoplasms
  3 giant cockroaches
  2 goblins
  3 hobgoblins (D:2)
  A jackal (D:3)
  4 kobolds (D:1)
  4 ball pythons
  2 frilled lizards (D:1)
  3 rats (D:1)
31 creatures vanquished.

Vanquished Creatures (collateral kills)
  An endoplasm (D:3)
  2 ball pythons
  A rat (D:1)
4 creatures vanquished.

Vanquished Creatures (others)
  A fungus (D:1)
1 creature vanquished.

Grand Total: 36 creatures vanquished

Notes
Turn   | Place    | Note
-------+----------+-------------------------------------------
     0 | D:1      | xian the Demonspawn Necromancer began the quest for the
                  | Orb.
     0 | D:1      | Reached XP level 1. HP: 13/13 MP: 3/3
    40 | D:1      | Found a faded altar of an unknown god.
   143 | D:1      | Gained mutation: You are partially covered in slimy green
                  | scales. (AC +2) [demonic ancestry]
   143 | D:1      | Reached XP level 2. HP: 12/19 MP: 3/5
   597 | D:2      | Reached skill level 5 in Necromancy
   597 | D:2      | Reached XP level 3. HP: 23/24 MP: 1/6
   617 | D:2      | Learned a level 3 spell: Vampiric Draining
  1350 | D:3      | Noticed a black bear
  1385 | D:3      | HP: 1/24 [black bear (4)]
  1385 | D:3      | Slain by a black bear

Illustrated notes

Levels and vault maps discovered:
D:1:      lightli_molten_gateway, layout_rooms,
          shapermc_ecumenical_altar_ellora, minmay_statues_item
D:2:      layout_rooms
D:3:      minmay_wonky_spiral, layout_basic

Skill      XL: |  1  2  3 |
---------------+----------+-----
Stealth        | 2 |  2.2
Necromancy     | 5 |  5.1
Dodging        | 2 |  2.2
Fighting       | |  0.1
Spellcasting   | |  2.5

Action                   || total
-------------------------++-------
Melee: Unarmed           ||     1
       Dagger            ||    14
       Punch             ||     1
 Cast: Necrotise         ||    53
 Stab: Distracted        ||     1
Armor: Robe              ||    14
Dodge: Dodged            ||    20
